[Event "*** Titled Tuesday Blitz"]
[Site "Chess.com"]
[Date "2020.04.21"]
[Round "5"]
[White "ehrenfeld"]
[Black "PredragNikac"]
[Result "1/2-1/2"]
[WhiteElo "2458"]
[BlackElo "2274"]
[TimeControl "180+1"]
[EndTime "10:57:04 PDT"]
[Termination "Game drawn by repetition"]

1. e4 d5 2. exd5 Nf6 3. d4 Bg4 4.
Be2 Bxe2 5. Qxe2 Qxd5 6. Nf3 Nc6 7. c3 O-O-O 8. O-O e6 9. Nbd2 Qh5 10. Re1 Bd6 11.
Nc4 Rhe8 12. h3 Nd5 13. Nfe5 Qxe2 14. Rxe2 Bxe5 15. Nxe5 Nxe5 16. Rxe5 f6 17. Re1 e5 18.
dxe5 Rxe5 19. Rxe5 fxe5 20. Bg5 Re8 21. Rd1 c6 22.
Kf1 b5 23. Ke2 Kd7 24. a4 a6 25. axb5 axb5 26. Ra1 Ke6 27. Ra7 h6 28. Be3 Kf6 29.
Kd3 Re7 30. Rxe7 Kxe7 31. Bc5+ Ke6 32. g3 h5 33. b3 g5 34. c4 bxc4+ 35. bxc4 Nf6 36.
Be3 g4 37. hxg4 hxg4 38. Ba7 Kf5 39. Ke3 Ne4 40. Kd3 Nd6 41. Bb8 Nb7 42. Ba7 Na5 43.
Bb6 Nb7 44. Be3 c5 45. Bd2 e4+ 46. Kc3 Nd8 47. Be3 Ne6 48. Kb3 Nd4+ 49. Ka4 Ke5 50. Ka5 Kd6 51. Kb6 Ne6 52. Kb5 Nc7+ 53. Kb6 Ne6 54. Kb5 Nd4+ 55. Kb6 Ne6 1/2-1/2

[Event "*** Titled Tuesday Blitz"]
[Site "Chess.com"]
[Date "2020.04.21"]
[Round "5"]
[White "Joshukid"]
[Black "serhanberat_ozdemir"]
[Result "1-0"]
[WhiteElo "2570"]
[BlackElo "2403"]
[TimeControl "180+1"]
[EndTime "10:57:05 PDT"]
[Termination "Joshukid won on time"]

1. Nf3 Nf6 2. c4 g6 3. b3 Bg7 4. Bb2 O-O 5. g3 d6 6. d4 c6 7. Bg2 Qa5+ 8. Nc3 e5 9. O-O Re8 10. dxe5 dxe5 11. e4 Bg4 12. Qc2 Nbd7 13. Ne1 Rad8 14.
h3 Be6 15. Nd3 Qc7 16. c5 a5 17. Na4 Nh5 18. Rad1 f5 19. exf5 gxf5 20. Qe2 Bf7 21. g4 Nf4 22. Nxf4 exf4 23. Qc2 Bxb2 24. Nxb2 fxg4 25.
hxg4 Ne5 26. Qf5 Bg6 27. Qg5 f3 28. Bh1 Rxd1 29. Rxd1 Qc8 30. Rd4 Nf7 31. Qf4 Re1+ 32. Kh2 Re2 33. Nd1 Ne5 34. Bxf3 Nxf3+ 35. Qxf3 Re7 36. Qf6 Qe8 37. Ne3 Rf7 38. Qh4 Kg7 39. Qg3 Qe6 40. Nf5+ 1-0

[Event "*** Titled Tuesday Blitz"]
[Site "Chess.com"]
[Date "2020.04.21"]
[Round "5"]
[White "matiss90"]
[Black "KarpovVadim"]
[Result "1/2-1/2"]
[WhiteElo "2491"]
[BlackElo "2323"]
[TimeControl "180+1"]
[EndTime "10:57:06 PDT"]
[Termination "Game drawn by repetition"]

1. e4 e5 2. Nf3 Nf6 3. Nxe5 d6 4. Nf3 Nxe4 5. Nc3 Nxc3 6. dxc3 Be7 7. Bf4 Nc6 8. Qd2 Be6 9. O-O-O Qd7 10. h4 h6 11.
Kb1 a6 12. h5 O-O-O 13. Nd4 Nxd4 14. cxd4 d5 15. f3 Bd6 16. Bd3 Bxf4 17. Qxf4 Qd6 18. Qxd6 Rxd6 19. Rde1 Rdd8 20. Re5 Rde8 21. Kc1 c6 22. a4 a5 23. Kd2 f6 24. Rxe6 Rxe6 25.
Bf5 Kd7 26. Re1 Re8 27. Re3 Kd6 28. Bxe6 Rxe6 29. Ke2 Rxe3+ 30. Kxe3 Ke6 31. Kf4 f5 32. b3 Kf6 33. g3 Ke6 34. g4 fxg4 35. fxg4 Kf6 36.
c3 g5+ 37. hxg6 Kxg6 38. c4 Kf6 39. c5 Kg6 40. Ke5 Kg5 41. Kd6 Kxg4 42. Kc7 h5 43. Kxb7 h4 44. Kxc6 h3 45. Kb7 h2 46. c6 h1=Q 47. c7 Qh7 48. Kb8 Qh2 49. Kb7 Qh7 50. Kb8 Qh2 51. Kb7 Qh7 1/2-1/2

[Event "*** Titled Tuesday Blitz"]
[Site "Chess.com"]
[Date "2020.04.21"]
[Round "5"]
[White "jonaszmb"]
[Black "AniJak"]
[Result "1-0"]
[WhiteElo "2460"]
[BlackElo "2252"]
[TimeControl "180+1"]
[EndTime "10:57:06 PDT"]
[Termination "jonaszmb won by checkmate"]

1. e4 c6 2. d4 d5 3. Nc3 dxe4 4. Nxe4 Nf6 5. Ng5 Bf5 6. Bc4 e6 7. N1f3 h6 8. Nxf7 Kxf7 9. Ne5+ Kg8 10. g4 Be4 11.
Bxe6+ Kh7 12. f3 Qe7 13. Bb3 Nxg4 14. fxg4 Qh4+ 15. Kd2 Bb4+ 16. c3 Rf8 17. cxb4 Rf2+ 18. Ke3 Nd7 19. Kxe4 Nf6+ 20. Kd3 Qh3+ 21. Be3 Re8 22.
Qb1 Nd5 23. Bxd5 cxd5 24. Kc3+ Kg8 25. Qd3 Rg2 26. Rhe1 Qxh2 27. Rab1 Rc8+ 28. Kb3 Rg3 29. a3 Qh3 30. Ka2 Rg2 31. Qb5 b6 32. Qxd5+ Kh7 33. Qe4+ Kh8 34. Ng6+ Kg8 35. Ne7+ Kf8 36. Nxc8 Rg3 37.
Rf1+ Kg8 38. Ne7+ Kh8 39. Rf8# 1-0

[Event "*** Titled Tuesday Blitz"]
[Site "Chess.com"]
[Date "2020.04.21"]
[Round "5"]
[White "Charlottemillard17"]
[Black "fidezivkovic"]
[Result "0-1"]
[WhiteElo "1385"]
[BlackElo "2280"]
[TimeControl "180+1"]
[EndTime "10:57:06 PDT"]
[Termination "fidezivkovic won by checkmate"]

1. e4 c5 2. c3 g6 3. d4 cxd4 4. cxd4 d5 5. e5 Bg7 6. f4 Nc6 7. Nc3 a6 8. Nf3 Bg4 9. Be2 e6 10.
h3 Bxf3 11. Bxf3 Nge7 12. g4 Qb6 13. Ne2 h5 14. Rg1 hxg4 15. hxg4 Rc8 16. b3 Nb4 17. Kf2 g5 18. a3 Nbc6 19. Be3 gxf4 20. Nxf4 Bh6 21. g5 Bf8 22. Nh5 Nf5 23. Nf6+ Kd8 24.
Bg4 Nxe3 25. Kxe3 Nxd4 26. Qxd4 Bc5 27. Nxd5 Bxd4+ 28. Kd3 Qxb3+ 29. Ke4 Qxd5+ 30. Kd3 Rc3+ 31. Kd2 Rh2+ 32. Kd1 Bxg1+ 33. Ke1 Qd2+ 34. Kf1 Qf2# 0-1

[Event "*** Titled Tuesday Blitz"]
[Site "Chess.com"]
[Date "2020.04.21"]
[Round "5"]
[White "swimmerchess"]
[Black "Salem-AR"]
[Result "1-0"]
[WhiteElo "2848"]
[BlackElo "2990"]
[TimeControl "180+1"]
[EndTime "10:57:07 PDT"]
[Termination "swimmerchess won by resignation"]

1. e4 c5 2. Nf3 d6 3. d4 cxd4 4. Nxd4 Nf6 5. Nc3 a6 6. Bg5 e6 7. f4 h6 8. Bh4 Qb6 9. Qd2 Qxb2 10. Rb1 Qa3 11. e5 dxe5 12. fxe5 g5 13. Bf2 Ng4 14. Bg3 Nd7 15. Be2 Ngxe5 16. O-O Bg7 17. Nxe6 fxe6 18. Ne4 Rf8 19. c4 b5 20. c5 Nc4 21. Bxc4 bxc4 22. c6 Qd3 23. Nd6+ Ke7 24.
Nxc8+ Raxc8 25. Qb4+ Ke8 26. cxd7+ Qxd7 27. Be5 a5 28.
Qxa5 Rf7 29. Bxg7 Rxg7 30. Qc3 Qc7 31. Qf6 Qe7 32. Qxh6 c3 33. Qh8+ Kd7 34. Rb7+ Rc7 35. Qb8 Qc5+ 36. Kh1 c2 37. Rxc7+ Qxc7 38. Qxc7+ Kxc7 39. Rc1 Kd6 40. Rxc2 e5 41. Kg1 Kd5 42. Kf2 Kd4 43.
Rd2+ Kc3 44. Re2 Kd4 45. a4 e4 46. a5 Rf7+ 47. Ke1 e3 48. a6 Ra7 49. Ra2 g4 50.
Ke2 Ke4 51. Ra4+ Kf5 52. Kxe3 Kg5 53. Kd4 Kf4 54. Kc5+ Ke3 55. Kb6 g3 1-0

[Event "*** Titled Tuesday Blitz"]
[Site "Chess.com"]
[Date "2020.04.21"]
[Round "5"]
[White "Keaton87"]
[Black "2nd_life"]
[Result "1-0"]
[WhiteElo "2682"]
[BlackElo "2409"]
[TimeControl "180+1"]
[EndTime "10:57:07 PDT"]
[Termination "Keaton87 won on time"]

1. d4 Nf6 2. Bg5 e6 3. Nd2 h6 4.
Bh4 c5 5. e4 d5 6. e5 g5 7. Bg3 Ne4 8. Nxe4 dxe4 9. Ne2 Nc6 10. dxc5 Qa5+ 11. Nc3 Bxc5 12. a3 Bd4 13. Qd2 Bxe5 14.
b4 Qd8 15. Qxd8+ Kxd8 16. Bxe5 Nxe5 17. O-O-O+ Ke7 18. Nxe4 b6 19. h4 f5 20. Nd6 Ng4 21.
Rd2 Bd7 22. Bb5 Bxb5 23. Nxb5 a6 24. Nd4 Kf6 25. Re1 Rhe8 26. f3 Ne5 27. Rde2 Rad8 28.
hxg5+ hxg5 29. Rxe5 Rxd4 30. c3 Rd6 31. Kc2 Red8 32. R5e2 Rc6 33. Kb3 Rd3 34. Rc2 f4 35. Rh1 Kf5 36. Rh8 Re3 37. Rf8+ Kg6 38. Rg8+ Kf7 39.
Rxg5 Kf6 40. Rg8 b5 41. Rf8+ Kg5 42. Rd8 e5 43. Rf8 Kh4 44. Rg8 Rd3 45. Rc1 1-0

[Event "*** Titled Tuesday Blitz"]
[Site "Chess.com"]
[Date "2020.04.21"]
[Round "5"]
[White "Majesth"]
[Black "fabianvivasz"]
[Result "0-1"]
[WhiteElo "2489"]
[BlackElo "2347"]
[TimeControl "180+1"]
[EndTime "10:57:07 PDT"]
[Termination "fabianvivasz won on time"]

1. d4 Nf6 2. Nc3 d5 3. Bf4 c5 4. e3 Bf5 5. Nb5 Na6 6. Nf3 e6 7. h3 h6 8. c3 Be7 9. Be2 O-O 10.
O-O Ne4 11. a4 c4 12. Nd2 Nd6 13. Nxd6 Bxd6 14. Bxd6 Qxd6 15. e4 Bh7 16. e5 Qc6 17. f4 Rab8 18. g4 b5 19. axb5 Rxb5 20. b4 Ra8 21. f5 exf5 22. gxf5 f6 23. exf6 Qxf6 24.
Nf3 Nc7 25. Ne5 a5 26. bxa5 Rbxa5 27. Rxa5 Rxa5 28. Qb1 Rb5 29. Qa2 Rb6 30. Qa7 Ne8 31. Qd7 Qg5+ 32. Kh1 Nd6 0-1

[Event "*** Titled Tuesday Blitz"]
[Site "Chess.com"]
[Date "2020.04.21"]
[Round "5"]
[White "Echecmat"]
[Black "AttilaTurzo"]
[Result "1-0"]
[WhiteElo "2176"]
[BlackElo "2457"]
[TimeControl "180+1"]
[EndTime "10:57:07 PDT"]
[Termination "Echecmat won by resignation"]

1. e4 c5 2. Nf3 Nc6 3. d4 cxd4 4.
Nxd4 Nf6 5. Nc3 d6 6. h3 e5 7.
Nde2 Be6 8. g4 d5 9. exd5 Nxd5 10. Bg2 Bb4 11. O-O Nxc3 12. Nxc3 Bxc3 13. bxc3 Qxd1 14. Rxd1 Rc8 15. Rb1 b6 16. a4 Na5 17. Bd2 Ke7 18. Be4 h5 19. f3 hxg4 20. hxg4 Nc4 21. Be1 Rhd8 22. Bh4+ f6 23. Be1 g5 24. Kf2 Bd7 25. Ra1 Nb2 26. Rdb1 Nxa4 27. Rb4 b5 28. c4 Rxc4 29.
Rxc4 bxc4 30. Bb4+ Kf7 31. Bd5+ Kg7 32. Bxc4 Rc8 33.
Bb3 Rb8 34. Bxa4 Rxb4 35. Bxd7 Rb7 36. Bf5 Rc7 37. Ke3 Kf7 38. Kd3 Ke7 39. c4 Kd6 40.
Kc3 Kc5 41. Ra5+ Kb6 42. Rb5+ Kc6 43. Kb4 Re7 44. Rc5+ Kb6 45. Rd5 Rb7 46. c5+ Kc6+ 47. Kc4 Rb5 48. Rd6+ 1-0

[Event "*** Titled Tuesday Blitz"]
[Site "Chess.com"]
[Date "2020.04.21"]
[Round "5"]
[White "Kawhi_Leonard2"]
[Black "RestartingChess"]
[Result "0-1"]
[WhiteElo "2298"]
[BlackElo "2538"]
[TimeControl "180+1"]
[EndTime "10:57:07 PDT"]
[Termination "RestartingChess won by resignation"]

1. e4 d5 2. exd5 Qxd5 3. Nc3 Qd6 4. d4 Nf6 5. Nf3 Bg4 6. Nb5 Qd8 7. Bf4 Na6 8. h3 Bxf3 9. Qxf3 c6 10. O-O-O Nd5 11. Bg3 e6 12. Nc3 Qa5 13. Nxd5 cxd5 14. Qb3 Qb6 15.
Bb5+ Kd8 16. Kb1 Nc7 17. Be2 Qxb3 18. axb3 Kd7 19. c4 Bd6 20. Bxd6 Kxd6 21. c5+ Kc6 22. b4 a5 23. bxa5 Rxa5 24. Kc2 Rha8 25. f4 Ne8 26. g4 Nf6 27. Bd3 Ne4 28. Bxe4 dxe4 29. f5 exf5 30. gxf5 Kd5 31. Rhf1 Ra4 32. Kc3 Rc4+ 33.
Kb3 Rxd4 34. Rxd4+ Kxd4 35. f6 gxf6 36. Rxf6 Re8 37. Kc2 e3 38. Kd1 Re7 39. c6 bxc6 40. Rxc6 Rb7 41. Rd6+ Ke4 42. Rf6 Ke5 43. Rf3 Kd4 44.
Rf4+ Kd3 45. b4 Ra7 46. Kc1 e2 0-1

[Event "*** Titled Tuesday Blitz"]
[Site "Chess.com"]
[Date "2020.04.21"]
[Round "5"]
[White "ChessMavenYeti"]
[Black "realmadridtv"]
[Result "0-1"]
[WhiteElo "2113"]
[BlackElo "2288"]
[TimeControl "180+1"]
[EndTime "10:57:07 PDT"]
[Termination "realmadridtv won by resignation"]

1. Nf3 Nf6 2. g3 b6 3. Bg2 Bb7 4. O-O g6 5. d3 Bg7 6. e4 O-O 7. Nbd2 c5 8. c3 Nc6 9. d4 cxd4 10. cxd4 d5 11. e5 Ne4 12. Re1 Rc8 13. Nxe4 dxe4 14. Rxe4 Qd5 15. Re1 Rfd8 16. Be3 Nb4 17. Nh4 Qd7 18. Bxb7 Qxb7 19. Rc1 Rxc1 20. Qxc1 Nd3 21. Qd2 Nxe1 22. Qxe1 Qd5 23. b3 Rc8 24. Ng2 e6 25. Qd2 Qe4 26. h3 Qc2 27. Qb4 Qxa2 28. h4 Qa6 29. h5 Bf8 30. Qd2 Qa5 31. Qd1 Qd5 32.
Qg4 Qxb3 33. Nf4 Qb1+ 34. Kh2 Qf5 35. Qe2 a5 36. hxg6 hxg6 37. Nh3 Rc2 38. Qb5 Ra2 39. Qxb6 a4 40. Qd8 Qh5 41. Kg2 Ra3 42. Nf4 Qf5 43. Bd2 Ra2 44. Bb4 Qe4+ 45. Kh3 Qh1+ 46. Kg4 Qh6 47. d5 exd5 48. Nxd5 Rxf2 49. Nf6+ Rxf6 50.
exf6 a3 51. Bxa3 Qh5+ 52. Kf4 Qf5+ 53. Ke3 Qg5+ 54. Kd4 Qg4+ 55. Kc3 Qxg3+ 56. Kc2 Qxa3 57. Qd5 Qc5+ 58. Qxc5 Bxc5 59. Kd3 Bf8 60. Ke4 Bg7 61. Kf4 Bxf6 62. Kg4 Kg7 63. Kf4 Be7 64. Kg4 f5+ 65.
Kf4 Bf6 66. Kf3 Kf7 67. Kf2 Ke6 0-1

[Event "*** Titled Tuesday Blitz"]
[Site "Chess.com"]
[Date "2020.04.21"]
[Round "5"]
[White "Paralinch"]
[Black "jaskol95"]
[Result "1-0"]
[WhiteElo "2947"]
[BlackElo "2389"]
[TimeControl "180+1"]
[EndTime "10:57:08 PDT"]
[Termination "Paralinch won by resignation"]

1. e4 e6 2. d4 d5 3. exd5 exd5 4. Nf3 Bd6 5. c4 c6 6. Nc3 Ne7 7. h3 h6 8. Bd3 O-O 9. O-O dxc4 10. Bxc4 Nd7 11. Bb3 Nf6 12. Ne5 Ned5 13. Qf3 Be6 14. Bd2 Qb6 15. Nxd5 Bxd5 16. Bxd5 Nxd5 17. Nd7 Qxb2 18. Nxf8 Qxd2 19. Rfd1 Qc3 20. Nd7 Qxf3 21. gxf3 Rd8 22. Nc5 Nc3 23. Re1 b6 24. Ne4 Bb4 25. a3 Nxe4 26. Rxe4 Bc3 27. Rd1 c5 28. d5 Bd4 29. Re7 Rxd5 30. Kf1 a5 31. a4 Kf8 32.
Rb7 Rf5 33. Rd3 Rf4 34. Rxb6 Ke7 35. Rb8 Kd7 36. Rb5 Kc6 37. Ke2 c4 38. Rd1 Bc5 39. Rxa5 Rf6 40. Rc1 Re6+ 41. Kf1 Kb6 42. Rb5+ Kc6 43.
Rxc4 Re5 44. f4 Rf5 45. Ke2 g5 46. Kf3 gxf4 47. Rbxc5+ Rxc5 48. Rxc5+ Kxc5 49. Kxf4 Kb4 50. Kf5 Kxa4 51. Kf6 Kb4 52. Kxf7 Kc5 53. Kg6 Kd4 54. f4 1-0

[Event "*** Titled Tuesday Blitz"]
[Site "Chess.com"]
[Date "2020.04.21"]
[Round "5"]
[White "HansCoolNiemann"]
[Black "Neimar24"]
[Result "1-0"]
[WhiteElo "2941"]
[BlackElo "2562"]
[TimeControl "180+1"]
[EndTime "10:57:08 PDT"]
[Termination "HansCoolNiemann won by resignation"]

1. d4 Nf6 2. Nc3 e6 3. e4 d5 4. e5 Nfd7 5. f4 c5 6. Nf3 Nc6 7. Be3 cxd4 8. Nxd4 Bc5 9. Qd2 O-O 10. O-O-O a6 11.
Qf2 Bxd4 12. Bxd4 b5 13. g4 Bb7 14. Be3 Rc8 15. Rg1 Qa5 16. Kb1 d4 17. Bxd4 Nxd4 18. Qxd4 Nb6 19. b4 Qa3 20. Rg3 Nc4 21. Nxb5 axb5 22.
Bxc4 Qxb4+ 23. Bb3 Qa5 24. Rgd3 Bd5 25. Bxd5 exd5 26.
Qxd5 Rc4 27. f5 Rxg4 28. e6 h5 29. Rb3 Ra8 30. exf7+ Kh7 31. a3 Ra4 32. Qd6 b4 33.
Re1 Qxf5 34. Qd3 Qxd3 35. Rxd3 Rxa3 36. Rxa3 bxa3 37. Re8 a2+ 38. Ka1 Rb8 39. Rxb8 1-0

[Event "*** Titled Tuesday Blitz"]
[Site "Chess.com"]
[Date "2020.04.21"]
[Round "5"]
[White "Saloni1299"]
[Black "ENEASZ"]
[Result "0-1"]
[WhiteElo "2296"]
[BlackElo "2519"]
[TimeControl "180+1"]
[EndTime "10:57:08 PDT"]
[Termination "ENEASZ won on time"]

1. e4 e5 2. Nf3 Nc6 3. Bb5 f5 4. Nc3 fxe4 5. Nxe4 d5 6. Nxe5 dxe4 7. Nxc6 Qg5 8. Qe2 Nf6 9. d4 Qxg2 10. Rf1 a6 11.
Ba4 Bd7 12. Qc4 bxc6 13. Bxc6 Rd8 14. Be3 Qg4 15. Qxa6 Bb4+ 16. c3 Bd6 17. Qc4 Bxc6 18.
Qxc6+ Qd7 19. Qc4 Qf7 20. Qc6+ Qd7 21. Qc4 Rb8 22. b4 Qa4 23. Kd2 Qd7 24. a4 c6 25.
a5 Nd5 26. Rfb1 O-O 27. b5 Kh8 28. bxc6 Qf5 29. Rxb8 Bxb8 30. Qc5 Bf4 31. c7 Bxe3+ 32. Kc2 Qxf2+ 33. Kb3 Nxc7 34. Qxc7 Bxd4 35. Ra2 Qf1 0-1

[Event "*** Titled Tuesday Blitz"]
[Site "Chess.com"]
[Date "2020.04.21"]
[Round "5"]
[White "Tayson_7"]
[Black "Sychev_Klementy"]
[Result "1-0"]
[WhiteElo "2727"]
[BlackElo "2840"]
[TimeControl "180+1"]
[EndTime "10:57:09 PDT"]
[Termination "Tayson_7 won on time"]

1. e4 e5 2. Nf3 Nc6 3. Bb5 a6 4. Ba4 b5 5. Bb3 Na5 6. O-O d6 7. d4 exd4 8. Nxd4 Bb7 9. Re1 c5 10. Qh5 g6 11. Qf3 c4 12. Qg3 cxb3 13. e5 Bg7 14.
exd6+ Kf8 15. Nxb3 Nc4 16. Nc5 Bc6 17. d7 Nf6 18. Na3 Nxd7 19. Nxc4 Nxc5 20. Bg5 Bf6 21. Rad1 Bxg5 22. Rxd8+ Rxd8 23. Qxg5 Ne6 24. Qf6 bxc4 25. Qxh8+ Ke7 26. Qc3 Bd5 27. Qa3+ Kf6 28. Qxa6 Kg7 29. Qa3 Kg8 30. Qc3 Ra8 31. a3 Rc8 32. Rd1 Be4 33.
f3 Ba8 34. a4 h5 35. a5 h4 36. a6 h3 37. a7 hxg2 38. Qf6 c3 39. Rd7 1-0

[Event "*** Titled Tuesday Blitz"]
[Site "Chess.com"]
[Date "2020.04.21"]
[Round "5"]
[White "abubakrtagelsir"]
[Black "Aikiigm"]
[Result "1/2-1/2"]
[WhiteElo "2345"]
[BlackElo "2579"]
[TimeControl "180+1"]
[EndTime "10:57:10 PDT"]
[Termination "Game drawn by agreement"]

1. e4 Nf6 2. e5 Nd5 3. d4 d6 4.
Nf3 dxe5 5. Nxe5 c6 6. Bc4 Nd7 7. Nf3 N7f6 8. h3 Bf5 9. O-O e6 10. a3 Bd6 11. Ba2 O-O 12. c4 Ne7 13. Nc3 h6 14.
Be3 Ne4 15. c5 Bc7 16. Nh4 Bh7 17. Qg4 Nf6 18. Qe2 Ned5 19. Rad1 Re8 20. Nf3 Qe7 21. Bc1 Rad8 22. Nxd5 exd5 23. Qxe7 Rxe7 24. Rfe1 Ne4 25. Bb1 Rde8 26. b4 Bg6 27. Bd3 Nc3 28. Rxe7 Rxe7 29.
Re1 Ne4 30. Ne5 Bxe5 31. dxe5 Bh7 32. f3 Nc3 33. Bxh7+ Kxh7 34. Bb2 Na4 35. Bd4 b6 36. Kf2 bxc5 37. bxc5 Rb7 38. e6 fxe6 39. Rxe6 Rc7 40. f4 Kg8 41. f5 Kf7 42. g4 a5 43. Rg6 Kf8 44. Kf3 Rb7 45. Rxc6 Nb2 46. Bxb2 Rxb2 47. Rd6 Rb3+ 48. Kf4 Rxh3 49. Rxd5 Rxa3 50. Ke5 Ke7 51.
Rd4 Rc3 52. Kd5 Kd7 53. Ra4 Rd3+ 54. Ke5 Kc6 55. Rxa5 Rd5+ 56. Ke6 Rd4 57. Kf7 Rxg4 58. f6 gxf6 59. Kxf6 h5 60. Ra6+ Kxc5 61. Ra5+ Kd6 62. Rxh5 Rf4+ 63. Rf5 Re4 64. Rf1 Re6+ 65. Kf7 Re2 1/2-1/2

[Event "*** Titled Tuesday Blitz"]
[Site "Chess.com"]
[Date "2020.04.21"]
[Round "5"]
[White "Mikhail_Golubev"]
[Black "Spring199"]
[Result "1/2-1/2"]
[WhiteElo "2527"]
[BlackElo "2383"]
[TimeControl "180+1"]
[EndTime "10:57:11 PDT"]
[Termination "Game drawn by repetition"]

1. e4 e5 2. Nf3 Nc6 3. Nc3 Nf6 4. g3 d5 5. exd5 Nxd5 6. Bg2 Bc5 7. O-O O-O 8. d3 Nxc3 9. bxc3 Bg4 10. h3 Bh5 11. g4 Bg6 12. Ng5 Bb6 13. h4 h6 14.
h5 Bh7 15. Nxh7 Kxh7 16. g5 hxg5 17. Qg4 f5 18. Qxg5 Qxg5 19. Bxg5 g6 20. Kh2 Rae8 21.
Bh4 Nd8 22. Bxd8 Rxd8 23. hxg6+ Kxg6 24. Bxb7 Rh8+ 25. Kg2 Kf6 26. Kf3 Rh3+ 27. Ke2 Rh2 28. a4 a5 29. Rab1 Rg8 30. Rb5 Rg4 31. c4 Bd4 32. c3 Bxc3 33. Rc5 Bd4 34. Rc6+ Kg5 35. Rxc7 Rf4 36. Rg1+ Kf6 37. Rc6+ Kf7 38. Rc7+ Kf6 39. Rc6+ Ke7 40. Rc7+ Kd8 41. Rc8+ Ke7 42. Rc7+ Kd8 43. Rc8+ Ke7 44. Rc7+ 1/2-1/2

[Event "*** Titled Tuesday Blitz"]
[Site "Chess.com"]
[Date "2020.04.21"]
[Round "5"]
[White "11kevin"]
[Black "AnonymusDonkey"]
[Result "0-1"]
[WhiteElo "2539"]
[BlackElo "2408"]
[TimeControl "180+1"]
[EndTime "10:57:12 PDT"]
[Termination "AnonymusDonkey won by resignation"]

1. d4 Nf6 2. c4 e6 3. Nc3 Bb4 4. e3 O-O 5. Bd2 d5 6. Nf3 Re8 7. Rc1 Nc6 8. Qc2 e5 9. dxe5 Nxe5 10.
Nxe5 Rxe5 11. cxd5 Nxd5 12. Bd3 Nxc3 13. Bxh7+ Kh8 14.
Bxc3 Bxc3+ 15. Qxc3 Qg5 16. g3 Re7 17. Bd3 Bh3 18.
Bf1 Rae8 19. Bxh3 Rxe3+ 20. fxe3 Rxe3+ 21. Kf2 Rxc3 22. Rxc3 Qd2+ 23. Kf3 Qd5+ 24. Kf2 Qxh1 25. Rxc7 Qxh2+ 26. Bg2 Qh6 27. Rxb7 Qd2+ 28. Kg1 Qc1+ 29. Kh2 Qh6+ 30. Bh3 Qd2+ 31. Bg2 Qh6+ 32. Kg1 Qe3+ 33.
Kf1 Qxg3 34. Rb3 Qf4+ 35. Kg1 Qd4+ 36. Kh1 g6 37. Rd3 Qxb2 38. Rc3 Qxc3 39. a4 Qc1+ 40.
Kh2 Qf4+ 41. Kg1 Qxa4 42. Kf1 Qb4 43. Kf2 Kg7 44. Kg3 a5 45. Kh2 a4 46. Kg1 a3 0-1

[Event "*** Titled Tuesday Blitz"]
[Site "Chess.com"]
[Date "2020.04.21"]
[Round "5"]
[White "InfiniteAdaption"]
[Black "Ovsiannikov_Maxim"]
[Result "1-0"]
[WhiteElo "2482"]
[BlackElo "2223"]
[TimeControl "180+1"]
[EndTime "10:57:12 PDT"]
[Termination "InfiniteAdaption won by checkmate"]

1. g3 g6 2. h4 Bg7 3. Bh3 d6 4. d4 Nc6 5. c3 e5 6. e3 Nge7 7.
Nd2 h5 8. Kf1 Be6 9. Bxe6 fxe6 10.
Kg2 Rf8 11. Nh3 Nf5 12. Nf3 exd4 13. cxd4 Qd7 14. Nf4 Nce7 15. Qb3 e5 16. dxe5 dxe5 17. Qxb7 Rd8 18. Nh3 e4 19. Nfg5 Nxh4+ 20. gxh4 Qg4+ 21. Kh2 Be5+ 22. Nf4 Bxf4+ 23. exf4 Qxh4+ 24. Nh3 e3 25. Bxe3 g5 26. Qb5+ c6 27. Qxg5 Qxg5 28. Nxg5 Nf5 29. Rae1 Kd7 30. Kg2 h4 31. Kf3 Rde8 32.
Bxa7 Ra8 33. Bc5 Rfb8 34. Rd1+ Kc7 35. Kg4 Nh6+ 36. Kh5 Nf5 37. Kg6 Ra5 38. Ne6+ Kb7 39. Kxf5 Rxa2 40. Rxh4 Ka6 41. Rh7 Rb7 42. Rxb7 Kxb7 43.
b4 Rxf2 44. Kf6 Rd2 45. Rxd2 Ka6 46. Nd4 Kb7 47. Ke7 Ka6 48. Ra2+ Kb7 49. Kd7 Kb8 50.
Nxc6+ Kb7 51. Ra7# 1-0

[Event "*** Titled Tuesday Blitz"]
[Site "Chess.com"]
[Date "2020.04.21"]
[Round "5"]
[White "zajka-molotok"]
[Black "Ekka83"]
[Result "1-0"]
[WhiteElo "2407"]
[BlackElo "2214"]
[TimeControl "180+1"]
[EndTime "10:57:12 PDT"]
[Termination "zajka-molotok won on time"]

1. d4 Nf6 2. c4 g6 3. Nc3 Bg7 4. e4 O-O 5. Be2 d6 6. Be3 e5 7.
d5 a5 8. g4 Na6 9. h4 Ne8 10.
h5 f5 11. h6 Bf6 12. gxf5 gxf5 13. exf5 Bxf5 14. Nf3 Kh8 15. Qd2 Rg8 16. O-O-O e4 17. Nd4 Qd7 18. Rdg1 Be5 19. Rxg8+ Kxg8 20. Rg1+ Kh8 21.
Nxf5 Qxf5 22. Rg4 Nf6 23. Rg5 Qh3 24. a3 Nc5 25. Bxc5 Bxc3 26. bxc3 dxc5 27. Qf4 Qxh6 28. Kc2 Rf8 29. Qe5 c6 30. d6 Re8 31. Qf5 Rf8 32. Qe5 Re8 33. Qg3 Rf8 34. Rf5 Qg6 35. Qf4 Kg7 36. Qe5 Re8 37. Qf4 h6 38. d7 Nxd7 39.
Bh5 Qg2 40. Bxe8 e3 41. Rf7+ Kg8 42. Qxe3 Qg6+ 43. Kb2 1-0

[Event "*** Titled Tuesday Blitz"]
[Site "Chess.com"]
[Date "2020.04.21"]
[Round "5"]
[White "Leo_C"]
[Black "grandcoach"]
[Result "1-0"]
[WhiteElo "2288"]
[BlackElo "1944"]
[TimeControl "180+1"]
[EndTime "10:57:12 PDT"]
[Termination "Leo_C won on time"]

1. d4 Nf6 2. c4 e6 3. Nc3 d5 4. Bg5 Be7 5. e3 h6 6. Bh4 O-O 7. Nf3 Ne4 8. Bxe7 Qxe7 9. Bd3 Nxc3 10. bxc3 c6 11. O-O b6 12. e4 dxe4 13. Bxe4 Bb7 14.
Bc2 Nd7 15. Qd3 g6 16. Rfe1 Rfd8 17. Rad1 Qf6 18. Qe3 Kg7 19. h3 Rac8 20. Be4 Rc7 21.
Qc1 c5 22. Bxb7 Rxb7 23. d5 exd5 24. cxd5 c4 25. Rd4 Nc5 26. Ne5 Re7 27. Nc6 Rxe1+ 28. Qxe1 Rd7 29. Qe2 b5 30. g3 Qf5 31. Qd2 Qxh3 32. Rh4 Qxh4 33. gxh4 Nd3 34. Kg2 Rxd5 35.
Nd4 b4 36. Qc2 1-0

[Event "*** Titled Tuesday Blitz"]
[Site "Chess.com"]
[Date "2020.04.21"]
[Round "5"]
[White "GM_DarwinLaylo"]
[Black "Shota_Azaladze"]
[Result "0-1"]
[WhiteElo "2595"]
[BlackElo "2757"]
[TimeControl "180+1"]
[EndTime "10:57:13 PDT"]
[Termination "Shota_Azaladze won on time"]

1. c4 g6 2. Nc3 Bg7 3. d4 c5 4.
d5 Bxc3+ 5. bxc3 Qa5 6. Qc2 f5 7. Nf3 Nf6 8. Nd2 d6 9. a4 Nbd7 10. Nb3 Qc7 11. a5 Ne5 12. e3 e6 13. f4 Nf7 14.
Qd1 O-O 15. Be2 Re8 16. O-O e5 17. g3 exf4 18. exf4 Bd7 19. Bf3 Re7 20. Bd2 Rae8 21. Qc2 Ne4 22. Rfe1 Nh6 23. Kg2 Ng4 24. h3 Ngf6 25. Re3 Nh5 26. Be1 Qd8 27. Bxh5 gxh5 28. Bf2 Rg7 29. Rae1 Kf7 30. Nd2 Nxd2 31. Qxd2 Rxe3 32.
Qxe3 h4 33. Kh2 Qf6 34. Qf3 hxg3+ 35. Bxg3 Kf8 36. Rg1 Be8 37. Bf2 Rxg1 38. Kxg1 Qe7 39. Qe3 Qxe3 40. Bxe3 Ba4 41. Bf2 Bb3 42. Bh4 Ke8 43.
Kf2 Bxc4 44. Ke3 Bxd5 45. Bf6 Kd7 46. Bg7 Kc6 47. Bf8 Be4 48. c4 Bg2 49. Kd3 Bxh3 0-1

[Event "*** Titled Tuesday Blitz"]
[Site "Chess.com"]
[Date "2020.04.21"]
[Round "5"]
[White "Vaathi_Coming"]
[Black "Grischuk"]
[Result "0-1"]
[WhiteElo "2841"]
[BlackElo "3094"]
[TimeControl "180+1"]
[EndTime "10:57:14 PDT"]
[Termination "Grischuk won by checkmate"]

1. d4 Nf6 2. Nf3 g6 3. g3 Bg7 4. Bg2 O-O 5. O-O d6 6. a4 Bf5 7.
a5 Na6 8. Nc3 d5 9. Ne5 e6 10. f3 h5 11. h3 c5 12. g4 hxg4 13.
fxg4 cxd4 14. Nb5 Be4 15. Nxd4 Bxg2 16. Kxg2 Ne4 17. Ndf3 Rc8 18. Bf4 Nb4 19. c3 Nc6 20. a6 Nxe5 21. Nxe5 Qe7 22. Qd3 bxa6 23. Qxa6 Rc7 24.
Nc6 Qd7 25. Bxc7 Qxc7 26. Rf3 Nd2 27. Rf2 Ne4 28. Rf3 Nd2 29. Rd3 Nb3 30. Rf1 Nc5 31. Qb5 Nxd3 32. exd3 Rc8 33. Nb4 Rb8 34. Qa4 a5 35.
Nc6 Rxb2+ 36. Kf3 Bxc3 37. Rc1 Qh2 38. Ne7+ Kg7 39. Rxc3 Qf2# 0-1

[Event "*** Titled Tuesday Blitz"]
[Site "Chess.com"]
[Date "2020.04.21"]
[Round "5"]
[White "Alexander_Moskalenko"]
[Black "Obito24"]
[Result "1-0"]
[WhiteElo "2898"]
[BlackElo "2644"]
[TimeControl "180+1"]
[EndTime "10:57:14 PDT"]
[Termination "Alexander_Moskalenko won on time"]

1. e4 c5 2. Nf3 d6 3. d4 cxd4 4. Nxd4 Nf6 5. Nc3 a6 6. Bc4 e6 7. Bb3 Be7 8. g4 h6 9. h4 Nc6 10. Rg1 Nh7 11. Nf3 Ne5 12. Nxe5 dxe5 13. Qxd8+ Bxd8 14. g5 hxg5 15. hxg5 Nxg5 16. Ke2 Rh5 17. Be3 g6 18. Rh1 Nh3 19. Na4 Bd7 20. Nb6 Bxb6 21.
Bxb6 f5 22. Rad1 Rc8 23. Ke3 Ke7 24. a4 g5 25. exf5 exf5 26. Rd5 f4+ 27. Ke2 g4 28. Rhd1 Be6 29. Rc5 Rxc5 30. Bxc5+ Kf6 31. Rd6 Ng5 32.
Bb6 Kf5 33. c4 Ne4 34. Bc2 f3+ 35. Ke3 g3 36. Bxe4+ Kg4 37. Bxf3+ Kf5 38. Bxh5 1-0